 Dungeon Crawl Stone Soup version 0.19-a0-831-gce7da8b (webtiles) character file.

23 matakusis the Grave Robber (level 2, -1/19 HPs)
             Began as a Demonspawn Necromancer on June 30, 2016.
             Slain by a giant gecko (2 damage)
             ... on level 2 of the Dungeon.
             The game lasted 00:03:35 (957 turns).

matakusis the Grave Robber (Demonspawn Necromancer)  Turns: 957, Time: 00:03:36

Health: -1/19      AC:  2    Str:  8    XL:     2   Next: 72%
Magic:  0/5        EV: 12    Int: 16    God:
Gold:   50         SH:  0    Dex: 13    Spells: 1 memorised, 4 levels left

rFire  . . .     SeeInvis .     f - +0 spear
rCold  . . .     Gourm    .     a - +0 robe
rNeg   . . .     Faith    .     (no shield)
rPois  .         Spirit   .     (no helmet)
rElec  .         Dismiss  .     (no cloak)
rCorr  .         Reflect  .     (no gloves)
SustAt .         Harm     .     (no boots)
MR     .....                    l - amulet of rage
Stlth  +++.......               (no ring)
                                n - ring of stealth

@: not resistant to hostile enchantments, fairly stealthy
A: powered by pain 1
a: Evoke Berserk Rage


You were on level 2 of the Dungeon.
You were hungry.

You visited 1 branch of the dungeon, and saw 2 of its levels.

You collected 50 gold pieces.

Inventory:

Hand Weapons
 f - a +0 spear (weapon)
Armour
 a - a +0 robe (worn)
Jewellery
 l - an amulet of rage (around neck)
 n - a ring of stealth (left hand)
Scrolls
 e - a scroll of identify {unknown}
 i - a scroll of blinking {unknown}
 j - a scroll of amnesia {unknown}
 m - a scroll of magic mapping {unknown}
 o - a scroll of recharging {unknown}
Potions
 d - a potion of invisibility {unknown}
 g - a potion of cure mutation {unknown}
 k - a potion of curing {unknown}
Books
 b - a book of Necromancy

   Spells                             Type                      Level
   a - Pain                           Necromancy                   1
   b - Animate Skeleton               Necromancy                   1
   c - Vampiric Draining              Necromancy                   3
   d - Regeneration                   Charms/Necromancy            3
   e - Animate Dead                   Necromancy                   4
   f - Control Undead                 Necromancy                   4
Comestibles
 c - 2 bread rations
 h - 2 chunks of flesh


   Skills:
 - Level 1.7 Dodging
 - Level 1.7 Stealth
 + Level 2.0 Spellcasting
 * Level 5.3 Necromancy


You had 4 spell levels left.
You knew the following spells:

 Your Spells              Type           Power        Failure   Level  Hunger
a - Pain                  Necr           ###.         2%          1    #......


Dungeon Overview and Level Annotations

Branches:
Dungeon (2/15)

Altars:


Innate Abilities, Weirdness & Mutations

You sometimes gain a little power by taking damage.


Message History

You are feeling hungry.
The hobgoblin closely misses you.
Casting: Pain
Confirm with . or Enter, or press ? or * to list all spells.
Aiming: Pain
Press: ? - help, Shift-Dir - straight line, f - hobgoblin
Aim: a hobgoblin (chance to defeat MR: 94%)
The hobgoblin convulses in agony!
You kill the hobgoblin!
The giant gecko bites you.
You closely miss the giant gecko. The giant gecko barely misses you.
The giant gecko misses you.
You miss the giant gecko. The giant gecko bites you.
You barely miss the giant gecko. The giant gecko bites you.
* * * LOW HITPOINT WARNING * * *
Okay, then.
You fail to use your ability.
The giant gecko bites you.
* * * LOW HITPOINT WARNING * * *
The giant gecko bites you.
You die...

.# .# .# ..#
.##..## ...>..#
....... ##.
###.......
.....#.....?#
......†@...#
......l.....#
.............#
...............
.............##
.............#
........$....#
............##


You could see a giant gecko.

Vanquished Creatures
  An ooze (D:1)
  A bat (D:1)
  A giant cockroach (D:1)
  A goblin (D:1)
  7 hobgoblins
  2 kobolds (D:1)
  A giant newt (D:1)
  2 rats
16 creatures vanquished.

Notes
Turn   | Place    | Note
--------------------------------------------------------------
     0 | D:1      | matakusis the Demonspawn Necromancer began the quest for the Orb.
     0 | D:1      | Reached XP level 1. HP: 13/13 MP: 3/3
   558 | D:1      | Gained mutation: You sometimes gain a little power by taking damage. [demonic ancestry]
   558 | D:1      | Reached XP level 2. HP: 19/19 MP: 3/5
   634 | D:1      | Reached skill level 5 in Necromancy
   957 | D:2      | Slain by a giant gecko

Vault maps used:
D:1:      elethiomel_arrival_quiet, minmay_tetromino_t2
D:2:      gammafunk_temple_overflow_claw, eino_tiny_chamber, uniq_natasha

Skill      XL: |  1  2 |
---------------+-------+-----
Necromancy     | 5 |  5.3
Dodging        | |  1.7
Stealth        | |  1.7
Spellcasting   | |  2.0

Action                   || total
-------------------------++-------
Melee: Spear             ||     6
 Cast: Pain              ||    30
Armor: Robe              ||     1
Dodge: Dodged            ||     7
